 Dungeon Crawl Stone Soup version 0.30.0-29-ga12c61a403 (webtiles) character file.

Game seed: 4523429065032567431

253196 thromnambular the Warrior (level 18, -7/201 HPs)
             Began as a Troll Warper on June 16, 2023.
             Was the Champion of Dithmenos.
             Killed from afar by a war gargoyle (24 damage)
             ... with a spray of metal splinters
             ... summoned by a demonspawn corrupter
             ... in a wizard's laboratory on June 17, 2023.
             The game lasted 02:17:15 (34808 turns).

thromnambular the Warrior (Troll Warper)           Turns: 34808, Time: 02:17:15

Health: -7/201     AC: 23    Str: 26    XL:     18   Next: 99%
Magic:  33/33      EV:  9    Int: 11    God:    Dithmenos [******]
Gold:   2338       SH: 22    Dex: 11    Spells: 10/19 levels left

rFire   . .          .
                       - Unarmed
rCold   . . .        L - +6 tower shield
rNeg    + . .        p - +1 pearl dragon scales "Feiplohe" {rPois rN+}
rPois   +            U - +2 hat "Vuaphadgh" {Will+}
rElec   +            w - +2 cloak {rCorr}
rCorr   +            (gloves unavailable)
SInv    .            (boots unavailable)
Will    ++...        A - amulet of regeneration Stlth
                     j - ring "Umioc" {rF- rC+ MP+9 AC+4}
HPRegen 2.13/turn    K - ring "Vuis" {Fire rElec Int+2 Dex-2}
MPRegen 0.23/turn

%: no passive effects
@: about to teleport, corroded, slowed, wreathed by umbra, very slow
A: large, unfitting armour, claws 3, regeneration 1, shaggy fur 1, tough skin 1,
horns 1
}: 2/15 runes: decaying, gossamer
a: Renounce Religion, Shadow Step, Shadow Form


You were in a wizard's laboratory.
You worshipped Dithmenos.
Dithmenos was exalted by your worship.
You visited 7 branches of the dungeon, and saw 34 of its levels.
You also visited: Sewer, Ice Cave and Wizlab.

You collected 3974 gold pieces.
You spent 1636 gold pieces at shops.

Inventory:

Missiles
 s - 8 curare-tipped darts
 N - 8 large rocks (quivered)
 R - 8 boomerangs
Armour
 a - the +1 robe of Vines {NoPotionHeal Regen++++}
   (You found it on level 1 of the Vaults)

   NoPotionHeal: Its wearer cannot be healed by potions.
   Regen:     It increases your rate of health regeneration.
 p - the +1 pearl dragon scales "Feiplohe" (worn) {rPois rN+}
   (You acquired it in a sewer)

   rPois:     It protects you from poison.
   rN:        It protects you from negative energy.
 w - a +2 cloak of preservation (worn)
 L - a +6 tower shield (worn)
 U - the +2 hat "Vuaphadgh" (worn) {Will+}
   (You found it on level 1 of the Vaults)

   Will:      It increases your willpower.
Jewellery
 i - a ring of resist corrosion
 j - the ring "Umioc" (left claw) {rF- rC+ MP+9 AC+4}
   (You found it on level 11 of the Dungeon)

   [ring of protection]

   AC:        It affects your AC (+4).
   rF:        It makes you vulnerable to fire.
   rC:        It protects you from cold.
   MP:        It affects your magic capacity (+9).
 v - a ring of willpower
 y - a +6 ring of intelligence
 A - an amulet of regeneration (around neck)
 B - a ring of see invisible
 C - a ring of wizardry
 K - the ring "Vuis" (right claw) {Fire rElec Int+2 Dex-2}
   (You acquired it on level 2 of the Lair of Beasts)

   [ring of fire]

   It enhances your fire magic.
   Int:       It affects your intelligence (+2).
   Dex:       It affects your dexterity (-2).
   rF:        It protects you from fire.
   rC:        It makes you vulnerable to cold.
   rElec:     It insulates you from electricity.
 M - a ring of ice
 W - the amulet "Ytikoc" {Spirit Fly rPois Will+ Str-3}
   (You found it on level 2 of the Vaults)

   [amulet of guardian spirit]

   It causes incoming damage to be divided between your reserves of health and
   magic.
   Str:       It affects your strength (-3).
   rPois:     It protects you from poison.
   Fly:       It grants you flight.
   Will:      It increases your willpower.
Wands
 c - a wand of charming (21)
 r - a wand of flame (41)
 z - a wand of roots (24)
 G - a wand of polymorph (12)
 P - a wand of mindburst (23)
Scrolls
 d - 8 scrolls of amnesia
 g - 3 scrolls of silence
 m - 7 scrolls of noise
 q - 7 scrolls of enchant weapon
 t - 7 scrolls of fog
 u - a scroll of teleportation
 x - 5 scrolls of butterflies
 I - 2 scrolls of torment
 O - 3 scrolls of magic mapping
 S - 12 scrolls of identify
 T - a scroll of brand weapon
Potions
 b - 3 potions of attraction
 e - a potion of heal wounds
 f - a potion of invisibility {unknown}
 k - 2 potions of magic
 l - a potion of curing
 n - 5 potions of brilliance
 o - 5 potions of lignification
 D - 3 potions of cancellation
 H - 5 potions of mutation
 J - 3 potions of flight
Miscellaneous
 F - a phial of floods


   Skills:
 - Level 17.2 Fighting
 + Level 8.8 Throwing
 + Level 11.1 Armour
 - Level 9.5 Dodging
 + Level 12.6 Shields
 - Level 17.0 Unarmed Combat
 - Level 1.2 Spellcasting
 - Level 3.6 Translocations
 + Level 10.0 Invocations


You had 10 spell levels left.
You knew the following spells:

 Your Spells              Type           Power      Damage    Failure   Level
a - Blink                 Tloc           16%        N/A       56%         2
b - Manifold Assault      Tloc           8%         N/A       99%         4
c - Teleport Other        Tloc           8%         N/A       80%         3

Your spell library contained the following spells:

 Spells                   Type           Power      Damage    Failure   Level
 Lesser Beckoning         Tloc           16%        N/A       56%         2
 Gell's Gravitas          Tloc           8%         N/A       80%         3
 Magic Dart               Conj           0%         1d3       89%         1
 Sandblast                Erth           0%         2d4       89%         1
 Vhi's Electric Charge    Tloc/Air       8%         N/A       95%         3
 Call Imp                 Summ           0%         N/A       96%         2
 Ensorcelled Hibernation  Hex/Ice        0%         N/A       96%         2
 Passwall                 Tmut/Erth      0%         N/A       96%         2
 Poisonous Vapours        Pois/Air       0%         N/A       96%         2
 Static Discharge         Conj/Air       0%         2-2/arc   96%         2
 Mephitic Cloud           Conj/Pois/Air  0%         N/A       99%         3
 Spider Form              Tmut/Pois      0%         N/A       99%         3
 Stone Arrow              Conj/Erth      0%         3d7       99%         3
 Airstrike                Air            0%         2d(0-16)  100%        4
 Anguish                  Hex/Necr       0%         N/A       100%        4
 Summon Lightning Spire   Summ/Air       0%         N/A       100%        4
 Freezing Cloud           Conj/Ice/Air   0%         6-21      100%        5
 Iskenderun's Battlesphe  Conj           0%         2d6       100%        5
 Dispersal                Tloc           4%         N/A       100%        6
 Iron Shot                Conj/Erth      0%         9d1       100%        6
 Spellforged Servitor     Conj/Summ      0%         N/A       100%        7
 Disjunction              Tloc           4%         N/A       100%        8


Dungeon Overview and Level Annotations

Branches:
Dungeon (15/15)            Temple (0/1) D:6            Lair (5/5) D:10
  Swamp (4/4) Lair:2       Spider (4/4) Lair:3        Slime (0/5) Lair:5
    Orc (2/2) D:9          Vaults (3/5) D:14          Crypt (1/3) Vaults:2
 Depths (0/4) D:15          Sewer (visited)           IceCv (visited)
 WizLab (1/1)
    Elf: Orc:2

Altars:
Ashenzari
Cheibriados
Dithmenos
Elyvilon
Fedhas
Gozag
Kikubaaqudgha
Okawaru
Qazlal
Sif Muna
Trog
Vehumet
Wu Jian
Xom
Yredelemnul
Zin
The Shining One

Shops:
D:7 [   D:9 *[=?   Orc:2 (   Vaults:1 ?   Vaults:3 (

Annotations:
D:3 2 transporters, Fodor's ghost, amateur MiFi
D:5 Edmund
D:11 2 transporters, cheesebisquit's ghost, journeyman TrFi
Swamp:1 Donald
Swamp:2 2 transporters, exclusion: obsidian statue
Swamp:3 3 runed translucent doors, JanusIIV's ghost, adept TrFi
Spider:1 Bai Suzhen
Vaults:1 2 transporters, Tang's ghost, master DsGl
Vaults:3 Saint Roka


Innate Abilities, Weirdness & Mutations

You are too large for most types of armour.
You have claws for hands.
Your natural rate of healing is unusually fast.
You are covered in fur. (AC +1)
You have tough skin. (AC +1)
You have a pair of small horns on your head.


Message History

A chorus of shrieks assaults your mind.
The war gargoyle launches metal splinters at you.
The spray of metal splinters hits you!!!
* * * LOW HITPOINT WARNING * * *
The sphinx hits you.
* * * LOW HITPOINT WARNING * * *
You block the sphinx's attack. The sphinx hits you.
* * * LOW HITPOINT WARNING * * *
You block the sphinx's attack. The sphinx barely misses you.
You block the sphinx's attack.
As you read the scroll of teleportation, it crumbles to dust.
You feel strangely unstable.
You feel sick. You block the war gargoyle's attack. The sphinx hits you!
* * * LOW HITPOINT WARNING * * *
You emit a cloud of dark smoke.
The sphinx closely misses you. The sphinx completely misses you.
You block the wizard's attack. The sphinx hits you.
* * * LOW HITPOINT WARNING * * *
The sphinx barely misses you. The sphinx closely misses you.
The war gargoyle hits you with a +2 morningstar of flaming!
* * * LOW HITPOINT WARNING * * *
The war gargoyle burns you.
* * * LOW HITPOINT WARNING * * *
A starcursed mass splits.
The wizard hits you but does no damage. The sphinx hits you but does no damage.
You block the sphinx's attack. The sphinx hits you but does no damage.
The sphinx barely misses you.
The sphinx hits you but does no damage. x2
Unknown command.
You feel much better.
You feel sick.
You are no longer poisoned.
The starcursed mass disappears in a puff of smoke!
The war gargoyle launches metal splinters at you.
The spray of metal splinters hits you but does no damage.
You block the sphinx's attack. The sphinx hits you!
* * * LOW HITPOINT WARNING * * *
You block the sphinx's attack.
The starcursed mass touches you but does no damage.
The war gargoyle launches metal splinters at you.
The spray of metal splinters hits you!!
You die...

...$§$$...+...#
..........#...#
........#'###
....!..#...#
..§....'...#
.§§§...#.[[#
#######§§#######§#
...!.8.§.§8..M6pH#
.......§.§...tH9@#
..8....§...!.8XXH#
#######++#######§#
.....#8..8#.!....#
.....#....#!.....#
.....'....'......#
....)#....#......#
#######''#########
.................♣


You could see 2 starcursed masses, a demonspawn corrupter, 3 sphinxes, a war
gargoyle (summoned, catching breath) and a wizard.

Vanquished Creatures
  A tentacled monstrosity (Swamp:3)
  Jorgrun (Orc:1)
  A lich (Vaults:1)
  Asterion (Spider:3)
  An ancient champion (Vaults:2)
  Gastronok (D:8)
  Frances (D:13)
  A tentacled starspawn (WizLab)
  4 thorn hunters
  3 sphinxes (WizLab)
  Kirke (Spider:1)
  2 fenstrider witches
  2 revenants
  A tengu reaver (Vaults:1)
  A nagaraja (WizLab)
  4 deep elf sorcerers
  3 emperor scorpions
  6 ghost moths
  7 vault wardens
  2 ghouls (Swamp:4)
  4 ironbound thunderhulks
  A broodmother (Spider:2)
  7 ironbound preservers
  An orc warlord (D:14)
  A stone giant (WizLab)
  6 eleionomae
  4 bunyips
  2 spark wasps
  3 dire elephants (Vaults:1)
  An ettin (Crypt:1)
  Harold (D:9)
  2 great orbs of eyes
  3 entropy weavers
  7 yaktaur captains
  4 shambling mangroves
  6 ironbound frosthearts
  Fannar (D:12)
  2 jorogumos
  9 vault guards
  13 hydras
  6 centaur warriors
  3 catoblepae
  4 boulder beetles
  4 two-headed ogres
  3 radroaches
  12 alligators
  2 vampire magi
  12 spriggans
  A skyshark (Lair:2)
  Amaemon (Lair:2)
  3 pharaoh ants
  5 goliath frogs
  3 orb spiders
  14 deep trolls
  Lodul (D:12)
  8 spriggan druids
  A glowing orange brain (WizLab)
  14 swamp dragons
  8 steelbarb worms
  6 bog bodies
  5 lindwurms (Vaults:1)
  6 wizards
  Pikel (D:9)
  8 ironbound convokers
  2 necromancers
  2 phantasmal warriors
  A deep elf pyromancer (D:12)
  An orc sorcerer (Orc:1)
  10 ugly things
  4 harpies (Vaults:2)
  2 orc knights
  18 wolf spiders
  3 cyclopes
  3 will-o-the-wisps
  4 moths of wrath
  21 elephants
  2 worldbinders (WizLab)
  A manticore (D:14)
  A black mamba (shapeshifter) (D:14)
  2 water nymphs (Swamp:2)
  Joseph (D:9)
  2 ice statues (IceCv)
  9 black mambas
  5 demonic crawlers
  Maurice (D:12)
  An orange demon (Lair:2)
  Maggie (D:8)
  3 torpor snails
  7 vault sentinels
  7 cane toads
  11 yaktaurs
  An unseen horror (D:11)
  Psyche (D:8)
  3 rime drakes
  A freezing wraith (D:14)
  4 tengu conjurers (Vaults:1)
  2 anaconda simulacra (IceCv)
  3 komodo dragons
  6 ice devils (IceCv)
  A polar bear (shapeshifter) (D:14)
  3 trolls
  19 tyrant leeches
  2 bloated husks
  18 hornets
  5 polar bears
  A hornet (shapeshifter) (D:14)
  15 tarantellas
  3 blink frogs (Lair:1)
  4 dream sheep (Lair:5)
  Prince Ribbit (D:5)
  17 jumping spiders
  A culicivora (shapeshifter) (D:14)
  17 slime creatures
  3 shadows
  20 culicivoras
  5 wraiths
  4 fire bats (D:11)
  4 wyverns
  Grum (D:8)
  2 humans (D:7)
  53 yaks
  A basilisk (Lair:3)
  A hog (Spider:2)
  60 redbacks
  A steam dragon (D:9)
  A death yak simulacrum (IceCv)
  5 vampire mosquitoes
  2 harpy simulacra (IceCv)
  3 acid dragons
  18 swamp worms
  2 wargs
  17 water moccasins
  A hell hound (D:11)
  10 swamp drakes
  3 sky beasts
  17 orc warriors
  A black bear (D:10)
  An ice beast (D:8)
  11 ogres
  A boggart (WizLab)
  15 wolves
  25 centaurs
  2 kobold brigands
  A necrophage (Swamp:4)
  8 bullfrogs
  6 scorpions
  A gnoll sergeant (D:11)
  2 troll zombies (D:9)
  4 wights (D:10)
  2 elephant simulacra (IceCv)
  An electric eel (Spider:2)
  2 lava snakes (D:11)
  8 jellies
  22 orc priests
  A gnoll bouda (D:7)
  2 sleepcaps
  20 orc wizards
  3 iguanas
  A troll simulacrum (IceCv)
  2 spriggan simulacra (IceCv)
  A wolf simulacrum (IceCv)
  5 ogre zombies (D:9)
  15 gnolls
  10 adders
  A naga simulacrum (IceCv)
  5 river rats (Sewer)
  5 ufetubi (IceCv)
  A jelly zombie (Crypt:1)
  3 worms
  2 dart slugs
  60 orcs
  6 bats
  23 endoplasms
  A giant cockroach (D:1)
  8 goblins
  5 hobgoblins
  6 jackals (Sewer)
  4 quokkas
  11 ball pythons
  6 frilled lizards
  4 goblin zombies (D:9)
  A hobgoblin skeleton (D:9)
  A hobgoblin zombie (D:9)
  17 kobolds
  2 orc skeletons (D:9)
  16 orc zombies (D:9)
  3 rats
  2 fire vortices (D:11)
1106 creatures vanquished.

Vanquished Creatures (collateral kills)
  A scorpion (D:5)
  A gnoll bouda (D:6)
  A gnoll (D:6)
  An orc zombie (D:9)
4 creatures vanquished.

Vanquished Creatures (others)
  2 bloated husks
  A human (Spider:3)
  An orc wizard (D:9)
  An ogre zombie (D:9)
  An ufetubus (IceCv)
  A fire vortex (D:11)
  14 foxfires
  2 starspawn tentacles (WizLab)
23 creatures vanquished.

Grand Total: 1133 creatures vanquished

Notes
Turn   | Place    | Note
-------+----------+-------------------------------------------
     0 | D:1      | thromnambular the Troll Warper began the quest for the Orb.
     0 | D:1      | Reached XP level 1. HP: 19/19 MP: 1/1
    93 | D:1      | Reached XP level 2. HP: 27/27 MP: 2/2
   560 | D:2      | Reached XP level 3. HP: 33/33 MP: 3/3
  1268 | D:3      | Found a faded altar of an unknown god.
  1287 | D:3      | Prayed at the altar of an unknown god.
  1287 | D:3      | Became a worshipper of Dithmenos the Shadowed
  1287 | D:3      | Reached * piety under Dithmenos
  1370 | D:3      | Found a transporter.
  1507 | D:3      | Found a transporter.
  1509 | D:3      | Noticed a small abomination
  1538 | D:3      | Reached XP level 4. HP: 33/41 MP: 4/4
  1751 | D:3      | Noticed Fodor's ghost (amateur MiFi)
  1842 | D:3      | Reached skill level 5 in Unarmed Combat
  2087 | D:4      | Noticed a scorpion
  2103 | D:4      | Killed a scorpion
  2104 | D:4      | Reached XP level 5. HP: 42/48 MP: 5/5
  2169 | D:4      | Reached ** piety under Dithmenos
  2187 | D:4      | Found a glowing drain.
  2202 | Sewer    | Entered a sewer
  2357 | Sewer    | Reached XP level 6. HP: 52/55 MP: 6/6
  2761 | Sewer    | Identified a scroll of acquirement
  2763 | Sewer    | Acquired the +1 pearl dragon scales "Feiplohe" {rPois rN+}
  2872 | D:4      | Found a shadowy altar of Dithmenos.
  3012 | D:4      | Found an ancient bone altar of Kikubaaqudgha.
  3257 | D:5      | Entered Level 5 of the Dungeon
  3319 | D:5      | Noticed Prince Ribbit
  3338 | D:5      | Killed Prince Ribbit
  3339 | D:5      | Reached skill level 1 in Armour
  3339 | D:5      | Reached XP level 7. HP: 33/65 MP: 7/7
  3339 | D:5      | Found a blossoming altar of Fedhas.
  3374 | D:5      | Noticed Edmund
  3789 | D:6      | Reached XP level 8. HP: 63/75 MP: 8/8
  3901 | D:6      | Reached *** piety under Dithmenos
  4444 | D:6      | Found a broken altar of Ashenzari.
  4992 | D:6      | Found a staircase to the Ecumenical Temple.
  5178 | D:7      | Found a radiant altar of Vehumet.
  5228 | D:7      | Found a basalt altar of Yredelemnul.
  5231 | D:7      | Found a snail-covered altar of Cheibriados.
  5234 | D:7      | Found a glowing golden altar of the Shining One.
  5237 | D:7      | Found a bloodstained altar of Trog.
  5310 | D:7      | Learned a level 2 spell: Blink
  5315 | D:7      | Learned a level 4 spell: Manifold Assault
  5319 | D:7      | Learned a level 3 spell: Teleport Other
  5404 | D:7      | Found Xeiki's Armour Shop.
  5413 | D:7      | Reached XP level 9. HP: 84/84 MP: 9/9
  5488 | D:7      | Found an iron altar of Okawaru.
  5501 | D:7      | Reached skill level 10 in Unarmed Combat
  5963 | D:7      | Reached skill level 5 in Fighting
  6053 | D:8      | Noticed Maggie
  6064 | D:8      | Killed Maggie
  6240 | D:8      | Identified the +0 robe "Boviabec" {Str+3 SInv}
  6287 | D:8      | Reached skill level 5 in Armour
  6378 | D:8      | Reached **** piety under Dithmenos
  6382 | D:8      | Noticed Psyche
  6389 | D:8      | Killed Psyche
  6390 | D:8      | Reached XP level 10. HP: 89/96 MP: 10/10
  6558 | D:8      | Noticed Grum
  6585 | D:8      | Killed Grum
  6729 | D:8      | Found a shimmering altar of Xom.
  6836 | D:8      | Noticed Gastronok
  6869 | D:8      | Killed Gastronok
  7066 | D:9      | Noticed a two-headed ogre
  7074 | D:9      | Killed a two-headed ogre
  7206 | D:9      | Reached ***** piety under Dithmenos
  7217 | D:9      | Found a staircase to the Orcish Mines.
  7242 | D:8      | Reached XP level 11. HP: 104/107 MP: 11/11
  7388 | D:9      | Found Uqiqieta's Magic Scroll Shop.
  7389 | D:9      | Noticed Harold
  7405 | D:9      | Killed Harold
  7411 | D:9      | Bought a scroll of teleportation for 39 gold pieces
  7411 | D:9      | Bought a scroll of teleportation for 39 gold pieces
  7411 | D:9      | Bought a scroll of fear for 52 gold pieces
  7411 | D:9      | Bought a scroll of identify for 26 gold pieces
  7509 | D:9      | Found Fanuer's Jewellery Shoppe.
  7517 | D:9      | Bought an amulet of the acrobat for 420 gold pieces
  7568 | D:9      | Found Puruur Lirph's Antique Armour Shoppe.
  7586 | D:9      | Found Muoxtug's General Store.
  7608 | D:9      | Bought a potion of curing for 51 gold pieces
  7612 | D:9      | Noticed Joseph
  7721 | D:9      | Found Noess's Armour Shop.
  7831 | D:9      | Found an opulent altar of Gozag.
  7935 | D:9      | Found a shimmering blue altar of Sif Muna.
  7983 | D:9      | Noticed Pikel
  7988 | D:9      | Killed Pikel
  8051 | D:10     | Entered Level 10 of the Dungeon
  8512 | D:10     | Found an ornate altar of the Wu Jian Council.
  8618 | D:10     | Found a staircase to the Lair.
  8764 | D:10     | Found a stormy altar of Qazlal.
  8845 | Lair:1   | Entered Level 1 of the Lair of Beasts
  8850 | Lair:1   | Found a frozen archway.
  8863 | IceCv    | Entered an ice cave
  9128 | IceCv    | Reached skill level 15 in Unarmed Combat
  9141 | IceCv    | Reached XP level 12. HP: 53/119 MP: 12/12
  9267 | IceCv    | Noticed a reaper
  9586 | Lair:1   | Reached ****** piety under Dithmenos
  9698 | Lair:1   | Reached skill level 1 in Invocations
 10267 | Lair:2   | Acquired the ring "Vuis" {Fire rElec Int+2 Dex-2}
 10421 | Lair:2   | You fall into a shaft and drop 1 floor!
 10421 | Lair:3   | Found a hole to the Spider Nest.
 10666 | Lair:3   | Reached skill level 5 in Dodging
 11703 | Lair:4   | Reached XP level 13. HP: 130/130 MP: 15/15
 11735 | Lair:4   | Noticed Sonja
 11736 | Lair:4   | Sonja changed into Sonja the hobgoblin
 11736 | Lair:4   | Noticed Sonja
 11742 | Lair:4   | Killed Sonja the hobgoblin
 12089 | Lair:5   | Entered Level 5 of the Lair of Beasts
 12212 | Lair:4   | Reached skill level 5 in Invocations
 12773 | Lair:5   | Found a staircase to the Slime Pits.
 13215 | Lair:5   | Reached skill level 10 in Fighting
 13532 | Orc:1    | Entered Level 1 of the Orcish Mines
 13532 | Orc:1    | Noticed Jorgrun
 13536 | Orc:1    | Paralysed by an orc sorcerer for 4 turns
 13571 | Orc:1    | HP: 6/133 [orc warrior/+0 battleaxe (4)]
 13880 | Orc:1    | Killed Jorgrun
 14087 | Orc:2    | Entered Level 2 of the Orcish Mines
 14090 | Orc:2    | Found Lyirr's Weapon Emporium.
 14577 | D:11     | Noticed cheesebisquit's ghost (journeyman TrFi)
 14612 | D:11     | Found a transporter.
 14736 | D:11     | Found a transporter.
 14879 | D:11     | Reached XP level 14. HP: 144/144 MP: 18/18
 14911 | D:11     | Identified the ring "Umioc" {rF- rC+ MP+9 AC+4}
 15207 | D:11     | Identified the +7 spear of Wu Jian, Grinning {antimagic,
                  | Str+3}
 15210 | D:11     | Reached skill level 1 in Shields
 15525 | D:12     | Noticed Maurice
 15531 | D:12     | Killed Maurice
 15683 | D:12     | Noticed Fannar
 15712 | D:12     | Killed Fannar
 15783 | D:12     | Noticed Lodul
 15797 | D:12     | Killed Lodul
 16304 | D:13     | Reached skill level 5 in Shields
 16405 | D:13     | Noticed Frances
 16422 | D:13     | Killed Frances
 17357 | D:14     | Found a glowing silver altar of Zin.
 17357 | D:14     | Found a white marble altar of Elyvilon.
 17357 | D:14     | Found a glowing golden altar of the Shining One.
 17466 | D:14     | Found a gate to the Vaults.
 17932 | D:15     | Entered Level 15 of the Dungeon
 18169 | D:15     | Identified the +2 whip "Acefif" {freeze, rPois Int+2 Dex-4}
 18272 | D:15     | Found a staircase to the Depths.
 18597 | Lair:2   | Found a staircase to the Swamp.
 18632 | Lair:2   | Identified the +1 rapier of the Usurping Enemy {flame,
                  | Contam rElec Stlth+}
 18824 | Lair:2   | Noticed Amaemon
 18859 | Lair:2   | Killed Amaemon
 19485 | Swamp:1  | Entered Level 1 of the Swamp
 19746 | Swamp:1  | Reached skill level 10 in Shields
 19962 | Spider:1 | Entered Level 1 of the Spider Nest
 20184 | Lair:3   | Reached XP level 15. HP: 147/148 MP: 19/19
 21041 | Spider:1 | Noticed an emperor scorpion
 21318 | Spider:1 | Killed an emperor scorpion
 22008 | Spider:2 | Identified the +2 pair of gloves "Kiotz" {rF- rC++ Int+5}
 22083 | Spider:2 | Noticed an emperor scorpion
 22120 | Spider:2 | Killed an emperor scorpion
 22563 | D:9      | Killed Joseph
 22567 | D:9      | Bought a scroll of acquirement for 676 gold pieces
 22567 | D:9      | Acquired a manual of Fighting
 23089 | Spider:3 | Noticed Kirke
 23098 | Spider:3 | Noticed Bai Suzhen
 23112 | Spider:2 | Noticed a sphinx
 23266 | Spider:1 | HP: 11/231 [Kirke (3)]
 23267 | Spider:1 | HP: 3/231 [manticore[Kirke] (9)]
 23268 | Spider:1 | Killed Kirke
 24262 | Spider:3 | Gained mutation: You have a pair of small horns on your
                  | head. [mutagenic glow]
 24488 | Spider:3 | Noticed Asterion
 24564 | Spider:3 | Killed Asterion
 24935 | Spider:4 | Entered Level 4 of the Spider Nest
 24947 | Spider:4 | Reached XP level 16. HP: 172/172 MP: 20/20
 25328 | Spider:4 | Reached skill level 15 in Fighting
 25616 | Spider:4 | Got a gossamer rune of Zot
 26292 | Vaults:1 | Entered Level 1 of the Vaults
 26451 | Vaults:1 | Found Hasimn's Magic Scroll Shop.
 26490 | Vaults:1 | Bought a scroll of teleportation for 54 gold pieces
 26490 | Vaults:1 | Bought a scroll of blinking for 135 gold pieces
 26490 | Vaults:1 | Bought a scroll of butterflies for 72 gold pieces
 26490 | Vaults:1 | Bought a scroll of butterflies for 72 gold pieces
 26815 | Vaults:1 | Found a transporter.
 26819 | Vaults:1 | Noticed Tang's ghost (master DsGl)
 26820 | Vaults:1 | Found a transporter.
 26820 | Vaults:1 | Identified the +5 great mace "Ingukuk" {elec, Dex+4 SInv}
 27965 | Vaults:1 | Reached skill level 1 in Throwing
 27977 | Vaults:1 | Reached XP level 17. HP: 129/188 MP: 21/21
 28106 | Vaults:1 | Found a radiant altar of Vehumet.
 28106 | Vaults:1 | Noticed a lich
 28115 | Vaults:1 | Killed a lich
 28139 | Vaults:1 | Identified the +2 hat "Vuaphadgh" {Will+}
 28169 | Vaults:1 | Found the +1 robe of Vines {NoPotionHeal Regen++++}
 28576 | Swamp:1  | Noticed Donald
 29315 | Swamp:2  | Noticed a tentacled monstrosity
 29316 | Swamp:2  | Found a transporter.
 29423 | Swamp:2  | Found a transporter.
 30052 | Swamp:3  | Noticed a tentacled monstrosity
 30074 | Swamp:3  | Killed a tentacled monstrosity
 30224 | Swamp:3  | Reached skill level 5 in Throwing
 30348 | Swamp:3  | Noticed a tentacled monstrosity
 30351 | Swamp:3  | Found a runed translucent gate.
 30351 | Swamp:3  | Found a runed translucent gate.
 30351 | Swamp:3  | Found a runed translucent gate.
 30352 | Swamp:3  | Noticed JanusIIV's ghost (adept TrFi)
 30459 | Swamp:3  | Paralysed by a fenstrider witch for 4 turns
 30641 | Swamp:3  | Identified the staff of conjuration "Xudaofim" {rElec
                  | Str+4}
 30919 | Swamp:4  | Entered Level 4 of the Swamp
 31702 | Swamp:4  | Reached XP level 18. HP: 174/201 MP: 23/23
 31843 | Swamp:4  | Reached skill level 10 in Armour
 32020 | Swamp:4  | Got a decaying rune of Zot
 32917 | Vaults:2 | Identified the amulet "Ytikoc" {Spirit Fly rPois Will+
                  | Str-3}
 33342 | Vaults:2 | Found a staircase to the Crypt.
 33368 | Crypt:1  | Entered Level 1 of the Crypt
 34135 | Vaults:3 | Noticed Saint Roka
 34135 | Vaults:3 | Found Upsaurod's Weapon Boutique.
 34332 | Vaults:3 | Found a magical portal.
 34341 | WizLab   | Entered Alistair's Party Mansion
 34754 | WizLab   | Paralysed by a sphinx for 5 turns
 34776 | WizLab   | Noticed a golden dragon
 34797 | WizLab   | Reached skill level 10 in Invocations
 34807 | WizLab   | HP: 8/201 [war gargoyle/+2 morningstar of flaming[a
                  | demonspawn corrupter] (4)]
 34808 | WizLab   | Killed from afar by a war gargoyle

Illustrated notes

Levels and vault maps discovered:
D:1:      amcnicky_arrival_underground_garden, layout_rooms
D:2:      layout_loops_cross, chequers_big_river,
          minmay_randomly_rotated_circles
D:3:      layout_loops_cross, shapermc_ecumenical_altar_ellora,
          gammafunk_ghost_abyssal_escape
D:4:      layout_rooms, nicolae_dithmenos_shadow_blocks,
          mainiacjoe_overflow_alcove_4, cheibrodos_sewer_entry_sluice
D:5:      layout_basic, mainiacjoe_overflow_catwalk, uniq_edmund,
          uniq_prince_ribbit1
D:6:      layout_layer_cave, evilmike_ruin_ashenzari,
          minmay_temple_entry_antechambers
D:7:      layout_basic, grunt_temple_overflow_cloverleaf,
          nicolae_vehumet_altar_sigil, okawaru_humans, serial_shops,
          nicolae_shop_window_shopping
D:8:      layout_loops_ring, general_overflow_altar, hangedman_glass_teeth,
          uniq_maggie, uniq_gastronok, uniq_psyche, uniq_grum
D:9:      layout_small_grid, mainiacjoe_overflow_two_lobes, zombieorc2_lemuel,
          serial_shops, shop, nicolae_shop_overgrown_old_shop, shop,
          nicolae_shop_advertising_works [nicolae_subvault_shop_adworks], shop,
          uniq_joseph, uniq_pikel, uniq_harold
D:10:     layout_roguey, mainiacjoe_overflow_catch_the_wave,
          grunt_lair_entry_orc_guard_hut
D:11:     layout_loops_corners, nzn_ghost_randoct, hangedman_incinerator
D:12:     layout_basic, uniq_maurice, uniq_fannar, uniq_lodul
D:13:     layout_long_grid, solitary_fountain, uniq_frances
D:14:     layout_loops_ring, david_vaults_4, good_gods_mini_temple
D:15:     hangedman_depths_entry_try_elsewhere_first, layout_cave_pools,
          nicolae_wu_jian_wuxing_cycle
Lair:1:   lemuel_slime, layout_cave_pods, portal_ice_cave_entry_pillars_1
Lair:2:   layout_layer_cave, minmay_swamp_entry_reptiles, uniq_amaemon
Lair:3:   layout_hall_layers, dummy_spider_entry, beast_lair_carwin_1
Lair:4:   layout_hall_layers, serial_forest, infiniplex_forest_clump_small,
          infiniplex_forest_corner_2, infiniplex_forest_join,
          infiniplex_forest_end_1, infiniplex_forest_zigzag_2,
          infiniplex_forest_lined_3, uniq_sonja
Lair:5:   wormcave, layout_small_grid, guppyfry_lair_end_dragon, slime_entry_1,
          st_stairs_5, serial_bayou_pond_d, grunt_megastairs_1,
          serial_bayou_shore_b
Swamp:1:  layout_basic_swamp, hangedman_swamp_blocks, uniq_donald
Swamp:2:  gammafunk_sealed_arena, layout_falls_marsh,
          evilmike_swamp_ruin_house_2, swamp_pool1,
          nicolae_swamp_nymph_family_reunion
Swamp:3:  layout_basic_swamp, gammafunk_ghost_split, hangedman_swamp_lotus,
          nicolae_swamp_soggy_hallways
Swamp:4:  swamp_basic_johnstein, layout_basic_swamp, swamp_pool2,
          hangedman_swamp_diagram, infiniplex_staircase_pool_2
Spider:1: layout_spider_delve
Spider:2: layout_spider_delve
Spider:3: layout_chambers, spiders_nest_the_unseen,
          hangedman_spider_tarantella_strand, uniq_bai_suzhen, uniq_asterion,
          uniq_kirke
Spider:4: grunt_spider_rune_island, nicolae_spider_baby_got_redback
Orc:1:    layout_caves, uniq_jorgrun
Orc:2:    grunt_orc_tribal_feast, layout_caves, gammafunk_ghost_stat_death,
          serial_shops, shop, nicolae_orc_lost_temple
Vaults:1: gammafunk_ghost_smash, nicolae_vaults_stepped_doors, v_alt_pattern_2,
          v_alt_pattern_2, nicolae_vaults_closet_pinwheel_2,
          nicolae_vaults_closet_pinwheel_1, nicolae_vaults_trapezoid_lopsided_1,
          vaults_room_stairs_pillars, hangedman_vaults_variations,
          vaults_mumra_lcd, grunt_tower_of_power,
          nicolae_vaults_layer_cake_slice, layout_vaults_omnibox, serial_shops,
          shop
Vaults:2: nicolae_vaults_variable_pillar_hall, vaults_standard_mumra_lines,
          nicolae_vaults_circle_grid_a, nicolae_vaults_crenellated_ambush,
          hangedman_vaults_restitches, nicolae_vaults_storage_closets_1,
          nicolae_vaults_three_branches, nicolae_vaults_little_squares_1,
          ontoclasm_vaults_tryst, minmay_crypt_entry_simple_box,
          vaults_dpeg_hooks, nicolae_vaults_frosty_reception,
          nicolae_vaults_more_shelving_2, ontoclasm_vaults_loading_screen,
          v_misc_19, nicolae_vaults_little_squares_6, layout_vaults_big_cross
Vaults:3: mu_enter_wizlab_3, nicolae_vaults_closet_pinwheel_6, v_rooms_5,
          nicolae_vaults_mini_display_case, v_misc_10, vaults_dpeg_cross,
          hangedman_vaults_nodes, hangedman_vaults_locks,
          nicolae_vaults_house_2, layout_vaults_maze, serial_shops,
          nicolae_shop_bloodbath_and_beyond, uniq_saint_roka
Crypt:1:  layout_rooms
WizLab:   wizlab_alistair

Skill      XL: |  1  2  3  4  5  6  7  8  9 10 11 12 13 14 15 16 17 18 |
---------------+-------------------------------------------------------+-----
Unarmed Combat | 3 4 5 6 7 8 9 11 13 15 16 17 | 17.0
Fighting       | 2 3 4 5 6 7 8 10 14 16 17 | 17.2
Armour         | 1 2 3 5 6 7 9 11 | 11.1
Dodging        | 3 5 8 9 |  9.5
Invocations    | 4 7 8 10 | 10.0
Shields        | 10 11 12 | 12.6
Translocations | 3 |  3.6
Throwing       | 1 6 8 |  8.8
Spellcasting   | |  1.2

Action                     |  1- 3 |  4- 6 |  7- 9 | 10-12 | 13-15 | 16-18 || total
---------------------------+-------+-------+-------+-------+-------+-------++-------
  Melee: Unarmed           |   121 |   178 |   222 |   644 |  1441 |  1634 ||  4240
         Punch             |     4 |     4 |    14 |    55 |    46 |       ||   123
         Headbutt          |       |       |       |       |     5 |   408 ||   413
  Throw: Boomerang         |       |    15 |    18 |     9 |     1 |    67 ||   110
         Large rock        |       |       |       |       |    43 |    50 ||    93
         Dart              |       |       |       |       |     1 |     5 ||     6
         Throwing net      |       |       |       |       |       |     2 ||     2
 Invoke: Shadow Form       |       |       |       |       |       |     2 ||     2
  Evoke: Wand              |       |       |     6 |     2 |    22 |     4 ||    34
         Phial of floods   |       |       |       |       |       |     1 ||     1
    Use: Scroll            |     4 |     7 |    11 |    10 |    21 |    17 ||    70
         Potion            |       |     1 |     2 |     9 |    19 |     7 ||    38
   Stab: Confused          |       |       |       |       |     1 |     3 ||     4
         Invisible         |       |       |       |       |       |     1 ||     1
         Distracted        |       |       |       |       |       |     1 ||     1
 Armour: Robe              |    36 |    52 |       |       |       |       ||    88
         Pearl dragon scal |       |     5 |   120 |   310 |  1011 |   919 ||  2365
  Dodge: Dodged            |    62 |   104 |    72 |   310 |   607 |   514 ||  1669
  Block: Tower shield      |       |       |       |       |  1069 |  1685 ||  2754
